 Dungeon Crawl Stone Soup version 0.22.1-2-g9c5b331 (webtiles) character file.

287234 toffzen the Warrior (level 19, -46/179 HPs)
             Began as a Minotaur Arcane Marksman on Dec 28, 2018.
             Was the Champion of Yredelemnul.
             Killed from afar by a crystal guardian (49 damage)
             ... with a crystal bolt
             ... on level 2 of the Depths on Dec 29, 2018.
             The game lasted 02:40:15 (48024 turns).

toffzen the Warrior (Minotaur Arcane Marksman)     Turns: 48024, Time: 02:40:16

Health: -46/179    AC: 25    Str: 22    XL:     19   Next: 85%
Magic:  0/27       EV: 17    Int: 10    God:    Yredelemnul [******]
Gold:   2994       SH: 14    Dex: 16    Spells: 19/20 levels left

rFire    . . .     SeeInvis .   a - +6 broad axe (venom)
rCold    . . .     Gourm    .   e - +0 shield
rNeg     + . .     Faith    .   M - +0 plate armour
rPois    .         Spirit   +   y - +2 hat of the Bear Spirit {Spirit, +Rage rN+ MR++}
rElec    .         Reflect  .   i - scarf {cloud immunity}
rCorr    .         Harm     .   C - +2 pair of gloves
MR       +++..                  n - +0 pair of boots
Stlth    ..........             G - amulet of regeneration
HPRegen  0.79/turn              Z - +5 ring of slaying
MPRegen  0.20/turn              T - +4 ring of dexterity

@: no status effects
A: retaliatory headbutt, horns 2
}: 2/15 runes: serpentine, barnacled
a: Recall Undead Slaves, Injury Mirror, Animate Dead, Drain Life, Enslave Soul,
Renounce Religion, Evoke Berserk Rage


You were on level 2 of the Depths.
You worshipped Yredelemnul.
Yredelemnul was exalted by your worship.
You were not hungry.

You visited 7 branches of the dungeon, and saw 37 of its levels.

You collected 3999 gold pieces.
You spent 1005 gold pieces at shops.

Inventory:

Hand Weapons
 a - a +6 broad axe of venom (weapon)
 I - a +2 battleaxe of chopping
Missiles
 c - 28 javelins (quivered)
 d - 11 throwing nets
 u - 1001 stones
Armour
 e - a +0 shield (worn)
 i - a scarf of cloud immunity (worn)
 n - a +0 pair of boots (worn)
 y - the +2 hat of the Bear Spirit (worn) {Spirit, +Rage rN+ MR++}
   (You bought it in a shop on level 1 of the Orcish Mines)

   It protects you from negative energy.
   It affects your resistance to hostile enchantments.
   It lets you go berserk.
 C - a +2 pair of gloves (worn)
 M - a +0 plate armour (worn)
Jewellery
 o - the ring "Uru Luoq" {rPois Stlth+}
   (You bought it in a shop on level 2 of the Orcish Mines)

   [ring of poison resistance]

   It protects you from poison.
   It makes you more stealthy.
 r - an uncursed ring of resist corrosion
 t - a +6 ring of protection
 F - an uncursed ring of protection from magic
 G - an amulet of regeneration (around neck)
 S - an uncursed ring of fire
 T - a +4 ring of dexterity (right hand)
 V - an uncursed ring of ice
 Z - a +5 ring of slaying (left hand)
Wands
 j - a wand of digging (45)
 p - a wand of polymorph (19)
 L - a wand of paralysis (39)
 Q - a wand of iceblast (17)
 R - a wand of acid (13)
 W - a wand of flame (71)
Scrolls
 g - 8 scrolls of fog
 l - 11 scrolls of teleportation
 m - 9 scrolls of enchant armour
 s - 19 scrolls of remove curse
 v - 6 scrolls of amnesia
 x - 7 scrolls of fear
 z - 3 scrolls of blinking
 A - a scroll of torment
 D - 6 scrolls of enchant weapon
 H - 5 scrolls of immolation
 Y - a scroll of silence
Potions
 b - a potion of agility
 k - 18 potions of curing
 q - a potion of haste
 w - 5 potions of resistance
 B - a potion of heal wounds
 E - 4 potions of mutation
 J - 5 potions of invisibility
 K - 3 potions of cancellation
 O - 6 potions of flight
 P - 2 potions of might
 U - 4 potions of lignification
Comestibles
 f - 26 rations


   Skills:
 * Level 18.1 Fighting
 - Level 18.0 Axes
 - Level 2.0 Throwing
 + Level 18.0 Armour
 + Level 16.8 Dodging
 - Level 15.0 Shields
 - Level 1.0 Spellcasting
 - Level 2.0 Hexes
 - Level 13.1 Invocations
 - Level 5.0 Evocations


You had 19 spell levels left.
You knew the following spells:

 Your Spells              Type           Power        Failure   Level  Hunger
a - Corona                Hex            #......      75%         1    ##.....

Your spell library contained the following spells:

 Spells                   Type           Power        Failure   Level  Hunger
 Slow                     Hex            #.......     86%         2    ###....
 Apportation              Tloc           #.....       95%         1    ##.....
 Freeze                   Ice            #...         95%         1    ##.....
 Infusion                 Chrm           #...         95%         1    ##.....
 Sandblast                Erth           #.....       95%         1    ##.....
 Shock                    Conj/Air       #...         95%         1    ##.....
 Summon Butterflies       Summ           #.......     95%         1    ##.....
 Passwall                 Tmut/Erth      #.......     98%         2    ###....
 Poisonous Vapours        Pois/Air       #.....       98%         2    ###....
 Shroud of Golubria       Chrm/Tloc      #.........   98%         2    ###....
 Song of Slaying          Chrm           #.......     98%         2    ###....
 Swiftness                Chrm/Air       #.......     98%         2    ###....
 Throw Frost              Conj/Ice       #.....       98%         2    ###....
 Tukima's Dance           Hex            #.......     98%         3    ####...
 Inner Flame              Hex/Fire       #.......     99%         3    ####...
 Portal Projectile        Hex/Tloc       #.....       99%         3    ####...
 Spectral Weapon          Hex/Chrm       #.......     99%         3    ####...
 Call Canine Familiar     Summ           #.......     100%        3    ####...
 Conjure Flame            Conj/Fire      #.......     100%        3    ####...
 Gell's Gravitas          Tloc           #.........   100%        3    ####...
 Ignite Poison            Fire/Tmut/Pois #.......     100%        3    ####...
 Lesser Beckoning         Tloc           #.........   100%        3    ####...
 Mephitic Cloud           Conj/Pois/Air  #.......     100%        3    ####...
 Ozocubu's Armour         Chrm/Ice       #.......     100%        3    ####...
 Recall                   Summ/Tloc      N/A          100%        3    ####...
 Regeneration             Chrm/Necr      #.........   100%        3    ####...
 Static Discharge         Conj/Air       #.......     100%        3    ####...
 Stone Arrow              Conj/Erth      #.....       100%        3    ####...
 Airstrike                Air            #.........   100%        4    #####..
 Animate Dead             Necr           N/A          100%        4    #####..
 Cause Fear               Hex            #.........   100%        4    #####..
 Force Lance              Conj/Tloc      #.......     100%        4    #####..
 Leda's Liquefaction      Hex/Erth       #.........   100%        4    #####..
 Petrify                  Tmut/Erth      #.......     100%        4    #####..
 Summon Ice Beast         Ice/Summ       #.......     100%        4    #####..
 Throw Icicle             Conj/Ice       #.......     100%        4    #####..
 Alistair's Intoxication  Tmut/Pois      #.......     100%        5    ######.
 Bolt of Magma            Conj/Fire/Erth #.........   100%        5    ######.
 Borgnjor's Vile Clutch   Necr/Erth      #.........   100%        5    ######.
 Fireball                 Conj/Fire      #.........   100%        5    ######.
 Irradiate                Conj/Tmut      #.........   100%        5    ######.
 Iskenderun's Battlesphe  Conj/Chrm      #.......     100%        5    ######.
 Lee's Rapid Deconstruct  Erth           #.........   100%        5    ######.
 Lightning Bolt           Conj/Air       #.........   100%        5    ######.
 Summon Mana Viper        Hex/Summ       #.......     100%        5    ######.
 Venom Bolt               Conj/Pois      #.........   100%        5    ######.
 Bolt of Fire             Conj/Fire      #.........   100%        6    #######
 Death Channel            Necr           #.........   100%        6    #######
 Dispersal                Tloc           #.........   100%        6    #######
 Freezing Cloud           Conj/Ice/Air   #.........   100%        6    #######
 Hydra Form               Tmut           #.........   100%        6    #######
 Invisibility             Hex            #.......     100%        6    #######
 Iron Shot                Conj/Erth      #.........   100%        6    #######
 Simulacrum               Ice/Necr       #.........   100%        6    #######
 Statue Form              Tmut/Erth      #........    100%        6    #######
 Dragon Form              Tmut           #.........   100%        7    #######
 Orb of Destruction       Conj           #.........   100%        7    #######
 Ring of Flames           Chrm/Fire      #.........   100%        7    #######
 Spellforged Servitor     Conj/Summ      #.........   100%        7    #######
 Summon Hydra             Summ           #.........   100%        7    #######
 Controlled Blink         Tloc           N/A          100%        8    #######
 Disjunction              Tloc           #.........   100%        8    #######
 Ignition                 Fire           #.........   100%        8    #######


Dungeon Overview and Level Annotations

Branches:
Dungeon (15/15)            Temple (0/1) D:4            Lair (6/6) D:8
 Shoals (4/4) Lair:2        Snake (4/4) Lair:3        Slime (0/5) Lair:6
    Orc (2/2) D:9             Elf (0/3) Orc:2        Vaults (4/5) D:13
  Crypt (0/3) Vaults:2     Depths (2/5) D:15

Altars:
Ashenzari
Dithmenos
Elyvilon
Kikubaaqudgha
Makhleb
Ru
Trog
Xom
Yredelemnul
The Shining One
Beogh

Shops:
D:13 =   Orc:1 [   Orc:2 ?=}}   Snake:2 ?*   Vaults:1 [   Depths:1 =

Portals:
Hell: Depths:1
Abyss: Depths:1

Annotations:
D:7 3 runed doors, Monsterracer's ghost, novice CeSu
Lair:1 1 runed door, poxu's ghost, journeyman MiFi
Lair:2 1 runed door, Baril's ghost, journeyman DEEE
Lair:5 3 runed doors, WarriorsX's ghost, journeyman HuBe
Shoals:2 2 transporters, emiel's ghost, journeyman OgWz


Innate Abilities, Weirdness & Mutations

You reflexively headbutt those who attack you in melee.
You have a pair of horns on your head.


Message History

The spray of metal splinters hits your bone dragon.
Unknown command.
Unknown command.
Unknown command.
Your skeletal warrior hits the war gargoyle with a long sword!
The crystal guardian hits your skeletal warrior!
The crystal guardian fires a crystalline bolt at you.
The crystal bolt burns the crystal guardian.
The crystal guardian completely resists.
The crystal bolt burns your skeletal warrior.
The crystal bolt burns you!
* * * LOW HITPOINT WARNING * * *
The crystal guardian fires a crystalline bolt at you.
The crystal bolt freezes your bone dragon.
Your bone dragon resists.
The crystal bolt freezes your bone dragon.
Your bone dragon resists.
The crystal bolt freezes you!
You die...
Your body rises from the dead as a mindless zombie.

##### #>.<#
#...# #..<#
. #...# ...
##..<#
....##....#
......W.@.#
#.....DDz^#
##...8989.#
#.....8..#
##......##
#....###
≈≈....
#≈≈§..#
##≈≈≈#


You could see 3 crystal guardians, 2 war gargoyles, 2 friendly bone dragons, a
friendly skeletal warrior and a friendly flayed ghost.

Vanquished Creatures
  Margery (Vaults:4)
  Saint Roka (Orc:2)
  Nikola (Depths:1)
  Rupert (Snake:1)
  Asterion (Snake:1)
  Kirke (D:12)
  A tengu reaver (Depths:1)
  5 nagarajas
  2 vault wardens
  2 frost giants
  4 ironheart preservers
  A caustic shrike zombie (D:15)
  5 very ugly things
  An entropy weaver (Vaults:4)
  4 stone giants
  2 ettins
  A merfolk javelineer (Shoals:1)
  2 great orbs of eyes (Vaults:2)
  Fannar (Orc:1)
  3 fire dragons
  3 yaktaur captains
  5 ogre magi
  Harold (D:8)
  2 merfolk avatars (Shoals:2)
  3 hydras
  3 rakshasas
  4 centaur warriors
  6 anacondas
  6 naga warriors
  2 merfolk aquamancers
  7 death yaks
  A deep troll earth mage (Vaults:4)
  3 orc high priests (Orc:2)
  17 two-headed ogres
  A satyr (shapeshifter) (Vaults:3)
  A deep troll shaman (Depths:1)
  8 naga sharpshooters
  4 shock serpents
  5 deep elf knights
  A skeletal warrior (D:15)
  3 deep trolls
  6 sea snakes
  A salamander mystic (Snake:2)
  An unseen horror (D:10)
  2 naga ritualists
  3 glowing orange brains
  A phantasmal warrior (Vaults:2)
  A deep elf archer (Vaults:3)
  5 ironbrand convokers
  30 ugly things
  A necromancer (Vaults:4)
  4 wolf spiders
  3 mana vipers
  3 harpies
  6 orc knights
  An orc sorcerer (Vaults:1)
  9 salamanders
  7 deep elf magi
  5 manticores
  3 fauns
  2 centaur zombies (D:15)
  5 cyclopes
  5 vault sentinels
  Joseph (D:8)
  A stone giant skeleton (D:15)
  3 merfolk sirens
  3 naga magi
  14 black mambas
  A water nymph (Shoals:2)
  Maurice (D:10)
  2 torpor snails
  5 guardian serpents
  2 gargoyles
  6 spiny frogs
  9 yaktaurs
  A rime drake (Lair:5)
  An efreet (D:15)
  8 komodo dragons
  2 freezing wraiths (Vaults:4)
  4 kobold demonologists
  A meliai (shapeshifter) (D:14)
  3 polar bears
  2 merfolk
  A yaktaur skeleton (Vaults:4)
  3 trolls
  5 slime creatures
  2 wind drakes
  A raiju (shapeshifter) (D:15)
  12 blink frogs
  5 tyrant leeches (Lair:5)
  6 dream sheep
  6 hippogriffs
  5 snapping turtles
  2 shadows
  4 redbacks
  4 wyverns
  A tarantella (Vaults:4)
  7 water elementals
  55 yaks
  A wraith (D:13)
  12 humans
  A basilisk (D:7)
  A hog (shapeshifter) (Vaults:1)
  3 hogs (D:7)
  5 hungry ghosts
  7 wargs
  2 acid dragons
  29 nagas
  A soldier ant (D:15)
  A swamp worm (Lair:5)
  Edmund (D:5)
  7 water moccasins
  A human skeleton (Vaults:4)
  7 porcupines
  2 sky beasts
  5 ice beasts
  15 orc warriors
  A phantom (D:10)
  2 necrophages (D:11)
  4 black bears
  16 ogres
  2 human zombies (Vaults:4)
  3 wolves
  2 boggarts (D:15)
  20 centaurs
  11 crocodiles
  19 bullfrogs
  3 big kobolds
  A gnoll sergeant (D:13)
  8 scorpions
  7 killer bees
  15 wights
  2 howler monkeys
  6 crimson imps
  A human simulacrum (Vaults:3)
  A quasit (D:11)
  A bullfrog zombie (D:12)
  7 hounds
  19 orc priests
  2 jellies
  2 bullfrog skeletons
  A centaur skeleton (D:11)
  Jessica (D:3)
  5 iguanas
  16 orc wizards
  9 worker ants
  8 gnolls
  10 adders
  4 shadow imps
  2 oozes
  4 adder zombies
  4 worms
  4 dart slugs
  5 leopard geckos
  66 orcs
  6 giant cockroaches
  2 goblins (D:1)
  5 hobgoblins
  3 jackals
  45 kobolds
  7 quokkas
  9 bats
  4 frilled lizards
  A leopard gecko skeleton (D:4)
  9 rats
  3 plants (D:4)
908 creatures vanquished.

Vanquished Creatures (collateral kills)
  Sojobo (Vaults:2)
  Boris (Vaults:4)
  Jory (Vaults:4)
  A titan (Vaults:4)
  A kraken (Shoals:3)
  2 sphinxes
  Agnes (D:15)
  A storm dragon (Vaults:4)
  2 tengu reavers (Vaults:2)
  3 frost giants
  6 nagarajas (Snake:4)
  2 vault wardens
  4 ironheart preservers
  2 very ugly things (Depths:1)
  5 stone giants
  2 entropy weavers
  4 merfolk javelineers (Shoals:4)
  A merfolk impaler (Shoals:4)
  3 fire dragons
  4 yaktaur captains
  4 ice dragons
  5 ogre magi
  A rakshasa (Depths:1)
  3 great orbs of eyes
  4 anacondas
  2 death knights
  12 naga warriors
  4 hydras
  4 catoblepae
  16 two-headed ogres
  A satyr (Shoals:3)
  3 merfolk avatars
  6 centaur warriors
  2 merfolk aquamancers (Shoals:4)
  2 naga sharpshooters (Snake:4)
  A vampire mage (D:15)
  A deep troll shaman (Depths:1)
  3 death yaks (Lair:5)
  An orc high priest (Orc:2)
  Urug (Lair:3)
  A deep elf knight (Vaults:3)
  2 shock serpents (Snake:4)
  4 hell knights (Vaults:4)
  A salamander mystic (Snake:3)
  3 deep trolls
  2 skeletal warriors (D:15)
  A sea snake (shapeshifter) (Vaults:2)
  16 sea snakes
  3 glowing orange brains
  An unseen horror (D:14)
  4 deep elf archers
  7 ironbrand convokers
  2 wizards
  3 necromancers
  A mana viper (shapeshifter) (Vaults:4)
  10 harpies
  4 deep elf magi
  7 orc knights
  3 salamanders
  3 mana vipers
  A wolf spider (Vaults:3)
  6 manticores
  21 ugly things
  2 cyclopes (Vaults:2)
  2 moths of wrath (Lair:5)
  9 fauns
  A sphinx skeleton (Vaults:4)
  A black mamba (shapeshifter) (Vaults:4)
  7 merfolk sirens
  2 guardian serpents (Snake:4)
  9 water nymphs
  7 vault sentinels
  8 black mambas
  8 naga magi
  3 spiny frogs
  A centaur skeleton (D:15)
  10 yaktaurs
  6 komodo dragons
  3 freezing wraiths
  2 harpy zombies (Vaults:2)
  3 meliai (D:15)
  A troll (shapeshifter) (Depths:1)
  13 merfolk
  7 wind drakes
  2 jumping spiders (Vaults:1)
  9 tyrant leeches (Lair:5)
  4 trolls
  4 blink frogs
  A deep troll zombie (D:15)
  A hornet (Vaults:4)
  3 hippogriffs
  A raiju (shapeshifter) (Vaults:2)
  11 slime creatures
  2 dream sheep (Shoals:3)
  A snapping turtle (Shoals:3)
  A hippogriff (shapeshifter) (Vaults:2)
  An ettin zombie (D:15)
  A wraith (D:15)
  A vampire (D:13)
  6 water elementals
  4 hogs
  A hungry ghost (D:11)
  26 yaks
  A basilisk (Lair:6)
  5 humans (D:13)
  21 nagas
  5 wargs
  3 acid dragons
  A swamp worm (Lair:5)
  8 water moccasins
  11 orc warriors
  2 porcupines
  2 human zombies (Vaults:4)
  A hornet zombie (D:15)
  An ettin simulacrum (Vaults:4)
  3 wolves (Lair:2)
  11 ogres
  10 centaurs
  2 boggarts
  9 crocodiles
  3 big kobolds
  7 bullfrogs
  A human skeleton (Vaults:4)
  A scorpion (D:6)
  3 killer bees (D:12)
  A yak zombie (D:10)
  3 wights
  16 orc priests
  A quasit (D:10)
  A hound (D:8)
  4 orc wizards
  A worker ant zombie (D:11)
  An adder (D:10)
  A leopard gecko (D:7)
  30 orcs
  2 kobolds (D:8)
  2 quokkas
  7 fungi
  29 plants
  3 tentacles (Shoals:3)
  2 withered plants (D:15)
629 creatures vanquished.

Vanquished Creatures (others)
  2 profane servitors
  3 ghouls
  3 vampire knights
  A very ugly thing zombie (Depths:1)
  A tengu zombie (Vaults:2)
  A storm dragon zombie (Vaults:4)
  3 skeletal warriors
  An anaconda zombie (Snake:4)
  5 flayed ghosts
  2 deep trolls (Depths:1)
  A wolf spider zombie (Vaults:3)
  5 phantasmal warriors
  A stone giant zombie (Vaults:2)
  2 frost giant zombies
  A stone giant skeleton (Vaults:2)
  A death yak zombie (Lair:6)
  2 sea snake zombies (Snake:4)
  A redback zombie (Vaults:4)
  A hydra zombie (Lair:1)
  A tarantella zombie (Vaults:4)
  4 harpy zombies
  A guardian serpent zombie (Snake:4)
  A fire dragon zombie (Depths:1)
  7 ugly thing zombies
  A meliai zombie (D:15)
  7 flying skulls
  7 vampires
  3 wraiths
  6 elf zombies
  4 black mamba zombies
  A tyrant leech zombie (Lair:5)
  4 deep troll zombies
  4 naga zombies
  9 two-headed ogre zombies
  A naga (Snake:4)
  3 spiny frog zombies
  A dream sheep zombie (Lair:6)
  3 blink frog zombies
  A hog zombie (D:7)
  A boggart (Vaults:1)
  2 manticore zombies (Lair:6)
  A komodo dragon zombie (Lair:1)
  A yaktaur zombie (Vaults:2)
  A wyvern zombie (D:11)
  A hippogriff zombie (Lair:4)
  A yaktaur skeleton (Vaults:4)
  A warg zombie (Orc:2)
  3 water moccasin zombies
  A polar bear zombie (Lair:6)
  24 yak zombies
  A wolf zombie (Lair:2)
  A basilisk zombie (Lair:6)
  A bullfrog zombie (D:11)
  7 centaur zombies
  A black bear zombie (D:8)
  10 human zombies
  A human skeleton (D:13)
  2 porcupine zombies
  2 killer bee zombies (D:12)
  3 ogre zombies
  3 crocodile zombies
  A naga skeleton (Lair:3)
  A hound zombie (D:8)
  3 mummies
  A howler monkey zombie (D:10)
  A worker ant zombie (D:6)
  3 scorpion zombies
  2 adder zombies
  An iguana zombie (D:11)
  2 gnoll zombies (D:13)
  3 kobold zombies
  A leopard gecko zombie (D:8)
  An orc skeleton (Vaults:4)
  15 orc zombies
  2 quokka zombies
  A bush (Lair:6)
  23 fungi
  27 plants
  A tentacle (Shoals:3)
264 creatures vanquished.

Grand Total: 1801 creatures vanquished

Notes
Turn   | Place    | Note
-------+----------+-------------------------------------------
     0 | D:1      | toffzen the Minotaur Arcane Marksman began the quest for
                  | the Orb.
     0 | D:1      | Reached XP level 1. HP: 16/16 MP: 1/1
   514 | D:1      | Reached XP level 2. HP: 23/24 MP: 2/2
   557 | D:1      | Reached skill level 1 in Armour
  1197 | D:1      | Reached XP level 3. HP: 30/30 MP: 3/3
  1262 | D:1      | Reached skill level 1 in Axes
  2241 | D:2      | Reached XP level 4. HP: 34/37 MP: 4/4
  2777 | D:2      | Reached XP level 5. HP: 22/45 MP: 5/5
  2993 | D:3      | Found a white marble altar of Elyvilon.
  2997 | D:3      | Found a glowing golden altar of the Shining One.
  3000 | D:3      | Found a basalt altar of Yredelemnul.
  3003 | D:3      | Found a shimmering altar of Xom.
  3032 | D:3      | Became a worshipper of Yredelemnul the Dark
  3089 | D:3      | Noticed Jessica
  3093 | D:3      | Killed Jessica
  3248 | D:3      | Found a burning altar of Makhleb.
  3394 | D:4      | Reached XP level 6. HP: 43/52 MP: 6/6
  3558 | D:4      | Found a staircase to the Ecumenical Temple.
  4095 | D:4      | Reached * piety under Yredelemnul
  4167 | D:4      | Reached skill level 5 in Axes
  4167 | D:4      | Reached XP level 7. HP: 51/60 MP: 7/7
  4791 | D:5      | Entered Level 5 of the Dungeon
  4947 | D:5      | Reached skill level 5 in Fighting
  5437 | D:5      | Noticed Edmund
  5455 | D:5      | Killed Edmund
  5455 | D:5      | Reached skill level 5 in Dodging
  5455 | D:5      | Reached XP level 8. HP: 55/69 MP: 8/8
  5891 | D:6      | Reached skill level 5 in Armour
  5891 | D:6      | Reached skill level 1 in Invocations
  6176 | D:6      | Reached ** piety under Yredelemnul
  7005 | D:7      | Found a bloodstained altar of Trog.
  7082 | D:7      | Found a runed gate.
  7086 | D:7      | Noticed Monsterracer's ghost (novice CeSu)
  7087 | D:7      | Found a runed gate.
  7087 | D:7      | Found a runed gate.
  7267 | D:7      | Reached XP level 9. HP: 76/78 MP: 8/10
  7732 | D:7      | Found a sacrificial altar of Ru.
  8187 | D:8      | Reached *** piety under Yredelemnul
  8209 | D:8      | Noticed Joseph
  8263 | D:8      | Killed Joseph
  8672 | D:8      | Noticed Harold
  8687 | D:8      | Killed Harold
  8687 | D:8      | Reached skill level 10 in Axes
  8687 | D:8      | Reached XP level 10. HP: 68/88 MP: 12/12
  9524 | D:8      | Found a staircase to the Lair.
  9920 | D:9      | Found a staircase to the Orcish Mines.
 10237 | D:9      | Reached skill level 1 in Shields
 10240 | D:9      | Reached skill level 5 in Invocations
 10956 | D:10     | Entered Level 10 of the Dungeon
 11340 | D:10     | Noticed a two-headed ogre
 11372 | D:10     | Killed a two-headed ogre
 11372 | D:10     | Reached **** piety under Yredelemnul
 11720 | D:10     | Killed an unseen horror
 11720 | D:10     | Reached XP level 11. HP: 57/95 MP: 14/14
 11987 | D:10     | Noticed a centaur warrior
 11992 | D:10     | Noticed a seven-headed hydra
 12065 | D:10     | Received a gift from Yredelemnul (a mummy)
 12088 | D:10     | Killed a centaur warrior
 12668 | D:10     | Noticed Maurice
 12679 | D:10     | Killed Maurice
 12970 | D:10     | Killed an eight-headed hydra
 13408 | Lair:1   | Entered Level 1 of the Lair of Beasts
 13552 | Lair:1   | Received a gift from Yredelemnul (2 flying skulls)
 13775 | Lair:1   | Reached skill level 5 in Shields
 13798 | Lair:1   | Found a dark tunnel.
 13833 | D:8      | Received a gift from Yredelemnul (a mummy)
 14208 | Lair:1   | Noticed a six-headed hydra
 14362 | Lair:1   | Found a runed door.
 14498 | Lair:1   | Killed a six-headed hydra
 14503 | Lair:1   | Reached XP level 12. HP: 106/106 MP: 12/16
 14550 | Lair:1   | Noticed a seven-headed hydra
 14555 | Lair:1   | Killed a seven-headed hydra
 14668 | Lair:1   | Noticed poxu's ghost (journeyman MiFi)
 14829 | Lair:1   | Reached skill level 10 in Fighting
 15090 | Lair:2   | Received a gift from Yredelemnul (a mummy)
 15240 | Lair:2   | Found a staircase to the Shoals.
 15269 | Lair:2   | Got a translucent flail
 15273 | Lair:2   | Identified the +5 flail of Welfare {crush, Fragile rF+++
                  | rN+ Dex+5} (You found it on level 2 of the Lair of Beasts)
 15304 | Lair:2   | Found a runed door.
 15305 | Lair:2   | Noticed Baril's ghost (journeyman DEEE)
 15812 | Lair:3   | Reached ***** piety under Yredelemnul
 15849 | Lair:3   | Reached skill level 10 in Armour
 16178 | Lair:3   | Noticed Urug
 16196 | Lair:3   | Killed Urug
 16414 | Lair:3   | Found a staircase to the Snake Pit.
 16910 | Lair:3   | Noticed a fire dragon
 16929 | Lair:3   | Killed a fire dragon
 17344 | D:10     | Received a gift from Yredelemnul (a wraith)
 17455 | D:11     | Noticed a six-headed hydra
 17544 | D:11     | Got an iridescent flail
 17579 | D:10     | Identified the +5 flail "Eviscerator" {freeze, Fragile
                  | rPois Int+2} (You found it on level 11 of the Dungeon)
 17596 | D:11     | Killed a six-headed hydra
 17921 | D:11     | Received a gift from Yredelemnul (a vampire)
 18012 | D:11     | Noticed a six-headed hydra
 18019 | D:11     | Killed a six-headed hydra
 18112 | D:11     | Reached skill level 10 in Dodging
 18311 | D:12     | Noticed a two-headed ogre
 18321 | D:11     | Killed a two-headed ogre
 18524 | D:12     | Reached XP level 13. HP: 115/115 MP: 17/17
 19359 | D:12     | Received a gift from Yredelemnul (a phantasmal warrior)
 19376 | D:12     | Noticed Kirke
 19397 | D:12     | Killed Kirke
 20343 | Lair:4   | Received a gift from Yredelemnul (a vampire)
 21091 | Lair:5   | Received a gift from Yredelemnul (a wraith)
 21267 | Lair:5   | Reached skill level 15 in Axes
 21379 | Lair:5   | Found a runed gate.
 21380 | Lair:5   | Found a runed gate.
 21381 | Lair:5   | Found a runed gate.
 21704 | Lair:5   | Received a gift from Yredelemnul (a wraith)
 21821 | Lair:5   | Reached skill level 1 in Evocations
 22476 | Lair:5   | Noticed WarriorsX's ghost (journeyman HuBe)
 22651 | Lair:6   | Entered Level 6 of the Lair of Beasts
 23131 | Lair:6   | Found a staircase to the Slime Pits.
 23265 | Lair:6   | Received a gift from Yredelemnul (2 flying skulls)
 23267 | Lair:6   | Reached XP level 14. HP: 125/125 MP: 19/19
 23925 | Lair:6   | Received a gift from Yredelemnul (3 flying skulls)
 24984 | Lair:5   | Received a gift from Yredelemnul (a phantasmal warrior)
 25596 | D:13     | Found a gate to the Vaults.
 25767 | D:13     | Reached ****** piety under Yredelemnul
 25767 | D:13     | Received a gift from Yredelemnul (a flayed ghost)
 25827 | D:13     | Received a gift from Yredelemnul (a vampire)
 26402 | D:13     | Found Akhlog's Jewellery Shoppe.
 27074 | D:14     | Found a shadowy altar of Dithmenos.
 27128 | D:14     | Reached skill level 10 in Shields
 27284 | D:14     | Received a gift from Yredelemnul (a ghoul)
 27603 | D:14     | Received a gift from Yredelemnul (a ghoul)
 27969 | Orc:1    | Entered Level 1 of the Orcish Mines
 28026 | Orc:1    | Noticed Fannar
 28037 | Orc:1    | Killed Fannar
 28221 | Orc:1    | Found Ratud's Armour Boutique.
 28228 | Orc:1    | Received a gift from Yredelemnul (a flayed ghost)
 28237 | Orc:1    | Bought the +2 hat of the Bear Spirit {Spirit, +Rage rN+
                  | MR++} for 430 gold pieces
 28237 | Orc:1    | Found the +2 hat of the Bear Spirit {Spirit, +Rage rN+
                  | MR++}
 28497 | Orc:2    | Entered Level 2 of the Orcish Mines
 28724 | Orc:2    | Reached XP level 15. HP: 60/134 MP: 9/20
 28729 | Orc:2    | Found a roughly hewn altar of Beogh.
 28930 | Orc:2    | Found Wasoso's Jewellery Boutique.
 28947 | Orc:2    | Found Yqin's Magic Scroll Shoppe.
 29009 | Orc:2    | Found Noebrue's Gadget Shoppe.
 29009 | Orc:2    | Found Zyekluo's Gadget Boutique.
 29021 | Orc:2    | Found a staircase to the Elven Halls.
 29024 | Orc:2    | Noticed Saint Roka
 29081 | Orc:2    | Killed Saint Roka
 29304 | Orc:2    | Received a gift from Yredelemnul (a phantasmal warrior)
 30147 | Orc:2    | Bought the ring "Uru Luoq" {rPois Stlth+} for 447 gold
                  | pieces
 30318 | Snake:1  | Entered Level 1 of the Snake Pit
 30318 | Snake:1  | Noticed Rupert
 30330 | Snake:1  | Killed Rupert
 30573 | Snake:1  | Noticed Asterion
 30595 | Snake:1  | Killed Asterion
 31887 | Snake:2  | Noticed a nagaraja
 31898 | Snake:2  | Killed a nagaraja
 31898 | Snake:2  | Reached skill level 5 in Evocations
 32039 | Snake:2  | Found Nitida's Assorted Antiques.
 32044 | Snake:2  | Found Vunuut's Magic Scroll Boutique.
 32051 | Snake:2  | Bought a scroll of teleportation for 48 gold pieces
 32051 | Snake:2  | Bought a scroll of fog for 32 gold pieces
 32051 | Snake:2  | Bought a scroll of teleportation for 48 gold pieces
 33801 | Snake:3  | Received a gift from Yredelemnul (a ghoul)
 33869 | Snake:3  | Reached skill level 10 in Invocations
 34513 | Snake:3  | Noticed a nagaraja
 34524 | Snake:3  | Killed a nagaraja
 34528 | Snake:3  | Received a gift from Yredelemnul (a skeletal warrior)
 34884 | Snake:3  | Reached XP level 16. HP: 94/144 MP: 17/22
 35434 | Snake:4  | Entered Level 4 of the Snake Pit
 35447 | Snake:4  | Received a gift from Yredelemnul (a vampire knight)
 36274 | Snake:4  | Received a gift from Yredelemnul (a vampire)
 36511 | Snake:4  | Received a gift from Yredelemnul (a vampire knight)
 36525 | Snake:4  | Received a gift from Yredelemnul (a vampire)
 36718 | Snake:4  | Received a gift from Yredelemnul (a vampire)
 36834 | Snake:4  | Got a serpentine rune of Zot
 36968 | Shoals:1 | Entered Level 1 of the Shoals
 37228 | Shoals:1 | Received a gift from Yredelemnul (a profane servitor)
 37492 | Shoals:2 | Found a transporter.
 37492 | Shoals:2 | Noticed emiel's ghost (journeyman OgWz)
 37557 | Shoals:2 | Found a transporter.
 37632 | Shoals:2 | Received a gift from Yredelemnul (a vampire)
 38003 | Shoals:2 | Reached XP level 17. HP: 150/154 MP: 24/24
 38231 | Shoals:3 | Received a gift from Yredelemnul (a profane servitor)
 38552 | Shoals:3 | Noticed a kraken
 38560 | Shoals:3 | Killed a kraken
 38583 | Shoals:4 | Entered Level 4 of the Shoals
 38854 | Shoals:4 | Received a gift from Yredelemnul (a flayed ghost)
 38970 | Shoals:4 | Got a barnacled rune of Zot
 39407 | Vaults:1 | Entered Level 1 of the Vaults
 39433 | Vaults:1 | Reached skill level 15 in Fighting
 39445 | Vaults:1 | Received a gift from Yredelemnul (a vampire knight)
 39753 | Vaults:1 | Received a gift from Yredelemnul (a vampire)
 39802 | Vaults:1 | Reached skill level 15 in Armour
 39871 | Vaults:1 | Received a gift from Yredelemnul (a skeletal warrior)
 40132 | Vaults:1 | Found Esemit's Antique Armour Shop.
 40311 | Vaults:1 | Identified the +1 morningstar of Waesibin {crush, *Slow
                  | rElec Int+4 Stlth+} (You found it on level 1 of the Vaults)
 40864 | Vaults:2 | Received a gift from Yredelemnul (a vampire knight)
 41184 | Vaults:2 | Noticed Sojobo
 41190 | Vaults:2 | Received a gift from Yredelemnul (a skeletal warrior)
 41200 | Vaults:2 | Reached XP level 18. HP: 82/166 MP: 13/26
 41207 | Vaults:2 | Killed Sojobo
 41879 | Vaults:2 | Found a staircase to the Crypt.
 41879 | Vaults:2 | Found a basalt altar of Yredelemnul.
 41880 | Vaults:2 | Found an ancient bone altar of Kikubaaqudgha.
 41913 | Vaults:2 | Received a gift from Yredelemnul (a flayed ghost)
 41965 | Vaults:2 | Your ally Sojobo died
 41989 | Vaults:2 | Reached skill level 15 in Dodging
 42017 | Vaults:2 | Received a gift from Yredelemnul (a vampire knight)
 42999 | Vaults:3 | Received a gift from Yredelemnul (a flayed ghost)
 43329 | Vaults:3 | Reached skill level 15 in Shields
 44537 | Vaults:4 | Noticed Boris
 44549 | Vaults:4 | Killed Boris
 44775 | Vaults:4 | Reached XP level 19. HP: 177/177 MP: 27/27
 44885 | Vaults:4 | Received a gift from Yredelemnul (a phantasmal warrior)
 45124 | Vaults:4 | Noticed Jory
 45140 | Vaults:4 | Killed Jory
 45142 | Vaults:4 | Received a gift from Yredelemnul (a vampire)
 45152 | Vaults:4 | Noticed Margery
 45162 | Vaults:4 | Killed Margery
 45357 | Vaults:4 | Received a gift from Yredelemnul (a skeletal warrior)
 46149 | D:15     | Entered Level 15 of the Dungeon
 46172 | D:15     | Found a shattered altar of Ashenzari.
 46190 | D:15     | Received a gift from Yredelemnul (a vampire knight)
 46287 | D:15     | Received a gift from Yredelemnul (a skeletal warrior)
 46474 | D:15     | Found a staircase to the Depths.
 46490 | D:15     | Noticed Agnes
 46497 | D:15     | Killed Agnes
 46836 | D:15     | Received a gift from Yredelemnul (a bone dragon)
 47108 | Depths:1 | Entered Level 1 of the Depths
 47159 | Depths:1 | Noticed Nikola
 47171 | Depths:1 | Received a gift from Yredelemnul (a phantasmal warrior)
 47183 | Depths:1 | Killed Nikola
 47355 | Depths:1 | Received a gift from Yredelemnul (a bone dragon)
 47746 | Depths:1 | Received a gift from Yredelemnul (a flayed ghost)
 47756 | Depths:1 | Found a gateway to Hell.
 47779 | Depths:1 | Found Xonoc's Jewellery Emporium.
 47881 | Depths:1 | Found a one-way gate to the infinite horrors of the Abyss.
 48024 | Depths:2 | HP: 3/179 [crystal guardian/crystal bolt (39)]
 48024 | Depths:2 | Killed from afar by a crystal guardian

Skill      XL: |  1  2  3  4  5  6  7  8  9 10 11 12 13 14 15 16 17 18 19 |
---------------+----------------------------------------------------------+-----
Fighting       | 2 3 4 5 6 7 8 9 10 11 12 13 14 15 17 18 | 18.1
Armour         | 1 2 3 4 6 7 8 9 10 11 12 13 14 15 17 18 | 18.0
Axes           | 2 3 5 6 8 10 11 12 14 15 16 17 18 | 18.0
Dodging        | 3 4 5 6 7 8 9 10 11 12 13 14 15 16 | 16.8
Invocations    | 2 4 5 6 7 8 9 10 11 12 13 | 13.1
Shields        | 3 5 7 9 10 11 12 14 15 | 15.0
Evocations     | 1 4 5 |  5.0
Throwing       | |  2.0
Spellcasting   | |  1.0
Hexes          | |  2.0

Action                   |  1- 3 |  4- 6 |  7- 9 | 10-12 | 13-15 | 16-18 | 19-21 || total
-------------------------+-------+-------+-------+-------+-------+-------+-------++-------
Melee: Unarmed           |    23 |       |       |       |     3 |       |       ||    26
       Dagger            |    26 |       |       |       |       |       |       ||    26
       Headbutt          |    23 |    28 |    65 |   152 |   263 |   269 |   110 ||   910
       Hand axe          |    66 |   167 |   213 |       |       |       |       ||   446
       War axe           |       |       |   107 |   554 |       |       |       ||   661
       Broad axe         |       |       |       |   118 |  1281 |  1096 |   360 ||  2855
       Flail             |       |       |       |    87 |       |       |       ||    87
Throw: Javelin           |     5 |     3 |     2 |     7 |     3 |       |       ||    20
       Stone             |     1 |       |       |       |       |       |       ||     1
Invok: Animate Remains   |       |       |    16 |       |       |       |       ||    16
       Animate Dead      |       |       |     2 |    53 |    73 |    71 |    21 ||   220
       Recall Undead Sla |       |       |     2 |     1 |     4 |     6 |       ||    13
       Stop Recall       |       |       |       |       |       |     4 |       ||     4
 Abil: Evoke Berserk Rag |       |       |       |       |     3 |       |       ||     3
Evoke: Wand              |       |       |    12 |    52 |    10 |       |       ||    74
  Use: Scroll            |     5 |     4 |     8 |    10 |    11 |    19 |     5 ||    62
       Potion            |       |     1 |     3 |     7 |     5 |     3 |     1 ||    20
 Stab: Sleeping          |     1 |       |       |       |       |       |       ||     1
       Distracted        |       |       |       |     7 |    12 |    24 |     9 ||    52
       Paralysed         |       |       |       |    15 |       |    10 |     5 ||    30
       Confused          |       |       |       |       |     2 |       |     1 ||     3
  Eat: Chunk             |     4 |     6 |    16 |    13 |    35 |    34 |     8 ||   116
       Ration            |       |       |     2 |    13 |    15 |     7 |     3 ||    40
Armor: Robe              |    12 |       |       |       |       |       |       ||    12
       Ring mail         |     4 |    21 |       |       |       |       |       ||    25
       Scale mail        |       |    45 |    73 |       |       |       |       ||   118
       Plate armour      |       |       |    75 |   322 |   364 |   299 |    72 ||  1132
       Skin              |       |       |    11 |       |       |       |       ||    11
Dodge: Dodged            |    82 |    75 |   169 |   213 |   460 |   512 |   118 ||  1629
Block: Shield            |       |       |       |   289 |   591 |   575 |   162 ||  1617
